Map: Blackpink LE

Players

kauP

  • Race: Terran Terran
  • Spawn Location: 7:00

Cyan - Winner!

  • Race: Protoss Protoss
  • Spawn Location: 1:00

Event: WCS Leipzig 2018

VOD

Have the link to the VOD?

Description

Time

  • Played on: Jan. 26, 2018, 9:39 a.m.
  • Length: 11:24

All games in this series

Show
View Real Time Build Order
Export as new Build Order

kauP Terran 

Build Orders: Reaper Expand, MMM Bio 

Get SALT Encoding   

  12  0:00  SCV  
  13  0:13  SCV  
  14  0:17  Supply Depot  
  14  0:25  SCV  
  15  0:39  SCV  
  15  0:40  Barracks  
  16  0:46  Refinery  
  16  0:51  SCV  
  17  1:03  SCV  
  18  1:15  SCV  
  19  1:28  Orbital Command  
  19  1:29  Reaper  
  20  1:39  Command Center  
  20  1:52  Barracks  
  20  1:55  SCV  
  21  2:07  SCV  
  21  2:08  Supply Depot  
  22  2:09  Barracks Reactor  
  22  2:17  Barracks  
  22  2:22  SCV  
  23  2:34  SCV  
  24  2:40  Barracks Tech Lab  
  24  2:45  Marine x2  
  24  2:46  SCV  
  27  2:53  Engineering Bay  
  27  2:54  Orbital Command  
  27  2:58  SCV  
  27  3:00  Stimpack  
  27  3:03  Marine  
  27  3:05  Marine  
  29  3:08  Marine  
  31  3:13  SCV  
  31  3:14  Marine  
  33  3:21  Marauder  
  33  3:24  Terran Infantry Weapons Level 1  
  33  3:25  Marine  
  36  3:27  Marine  
  36  3:33  SCV x2  
  39  3:43  Marauder  
  39  3:44  Supply Depot, Marine x2  
  39  3:48  Marine  
  42  3:49  SCV x2  
  45  3:56  Supply Depot  
  45  4:01  SCV  
  46  4:06  SCV, Marine x3, Marauder  
  52  4:12  Supply Depot  
  52  4:13  SCV, Supply Depot  
  53  4:25  Marine x2  
  53  4:27  Supply Depot  
  53  4:28  Marauder  
  57  4:32  SCV x2  
  57  4:34  Marine  
  60  4:42  Marine x2  
  60  4:44  SCV x2  
  64  4:49  Marauder  
  64  4:51  Marine  
  67  4:56  SCV x2  
  69  5:00  Marine x2, Combat Shields  
  69  5:03  Command Center  
  70  5:11  Marine, Marauder  
  73  5:18  SCV x2, Marine  
  73  5:22  Refinery  
  73  5:23  Refinery, Factory  
  71  5:34  Marauder, Marine x2  
  71  5:35  SCV x2  
  76  5:38  Barracks  
  76  5:39  Supply Depot, Barracks  
  76  5:50  SCV x2  
  76  5:51  Refinery  
  76  5:55  Barracks Tech Lab, Marine  
  76  5:56  Marauder, Marine  
  82  6:04  SCV  
  83  6:07  Starport  
  83  6:08  Factory Reactor  
  83  6:16  Orbital Command  
  83  6:18  SCV x2  
  84  6:23  Terran Infantry Armor Level 1  
  84  6:24  Marauder x2, Marine x2  
  90  6:32  Barracks Tech Lab, Barracks Reactor  
  90  6:33  SCV  
  90  6:34  SCV  
  90  6:36  Orbital Command  
  92  6:42  Marine x2  
  92  6:45  Ghost Academy, Marauder x2  
  98  6:56  Medivac  
  98  6:57  Medivac  
  98  6:58  SCV x2  
  104  7:03  SCV  
  104  7:08  Refinery  
  105  7:10  SCV  
  105  7:11  Refinery  
  105  7:12  Supply Depot  
  105  7:14  Marine x3  
  105  7:15  Marine  
  109  7:32  Moebius Reactor  
  109  7:33  Supply Depot, Ghost x2, Marine x2  
  109  7:34  Supply Depot, Marine x2  
  117  7:42  SCV  
  117  7:43  SCV  
  117  7:50  Ghost  
  117  7:51  Supply Depot  
  116  7:52  Supply Depot  
  115  7:59  Medivac x2  
  115  8:02  SCV x2  
  115  8:04  Command Center  
  121  8:07  Armory, Ghost  
  121  8:08  Engineering Bay  
  123  8:18  Ghost  
  123  8:19  Marine x3  
  128  8:21  SCV x2  
  130  8:28  Factory Reactor  
  130  8:32  Starport  
  130  8:34  Ghost  
  131  8:41  SCV  
  131  8:42  SCV x2  
  131  8:48  Ghost x2  
  134  8:51  Marine  
  134  8:52  Marine x2  
  141  9:01  Medivac x2  
  88  9:31  Medivac x2  
  88  9:34  Marine x2, Marauder x3  
  88  9:35  Marine x2  
  99  9:44  Liberator  
  99  9:45  Liberator x2  
  99  9:48  Starport  
  99  9:51  Marine  
  99  9:52  Marine x2  
  99  9:55  Marauder x2  
  104  10:00  Marine, Marauder  
  116  10:10  SCV x2  
  116  10:11  Factory Tech Lab  
  116  10:13  Planetary Fortress  
  119  10:17  Marauder  
  121  10:22  SCV, Ghost  
  121  10:23  Marine x5  
  121  10:26  Refinery  
  121  10:27  Refinery  
  127  10:33  Command Center  
  127  10:39  Ghost  
  95  11:01  Marine x2  
  95  11:02  Marine x2  
Show
View Real Time Build Order
Export as new Build Order

Cyan Protoss - Winner!

Build Orders: 1 Gate Expand, Blink Stalkers, Zealot Archon 

Get SALT Encoding   

  12  0:00  Probe  
  13  0:12  Probe  
  14  0:18  Pylon  
  14  0:24  Probe (Chrono Boost)  
  15  0:37  Probe (Chrono Boost)  
  15  0:39  Gateway  
  16  0:45  Probe (Chrono Boost)  
  16  0:47  Assimilator  
  17  0:51  Probe  
  18  1:03  Probe  
  19  1:15  Probe  
  20  1:24  Nexus  
  20  1:33  Cybernetics Core  
  20  1:37  Probe  
  21  1:44  Assimilator  
  21  1:49  Probe  
  22  1:54  Pylon  
  22  2:01  Probe  
  23  2:09  Stalker (Chrono Boost)  
  23  2:10  Warp Gate  
  23  2:13  Probe  
  26  2:23  Twilight Council  
  26  2:25  Probe  
  27  2:32  Stalker  
  27  2:37  Probe (Chrono Boost)  
  30  2:41  Probe (Chrono Boost)  
  31  2:47  Probe (Chrono Boost)  
  31  2:50  Probe (Chrono Boost)  
  31  2:51  Blink (Chrono Boost)  
  33  2:54  Probe (Chrono Boost)  
  33  2:55  Probe (Chrono Boost)  
  35  3:03  Probe  
  36  3:06  Probe  
  36  3:08  Stalker  
  39  3:17  Gateway  
  39  3:22  Gateway  
  39  3:26  Probe  
  40  3:30  Probe  
  41  3:41  Probe  
  41  3:45  Probe, Pylon  
  43  3:49  Robotics Facility  
  43  3:53  Probe  
  43  3:55  Pylon  
  44  3:57  Probe  
  44  3:58  Assimilator  
  45  4:06  Probe  
  45  4:09  Probe  
  47  4:13  Stalker x2  
  51  4:18  Probe  
  51  4:21  Probe, Stalker, Pylon  
  55  4:30  Probe  
  56  4:35  Nexus  
  56  4:37  Observer  
  57  4:41  Stalker  
  59  4:46  Stalker  
  59  4:47  Stalker  
  59  4:48  Probe  
  59  4:52  Pylon  
  64  4:54  Probe  
  64  4:59  Observer (Chrono Boost)  
  66  5:01  Probe  
  66  5:04  Forge  
  66  5:06  Forge  
  67  5:08  Probe  
  68  5:14  Shield Battery  
  68  5:16  Shield Battery  
  68  5:22  Sentry  
  68  5:23  Sentry, Zealot  
  68  5:25  Immortal (Chrono Boost)  
  78  5:34  Charge (Chrono Boost)  
  75  5:38  Probe  
  75  5:39  Probe  
  75  5:40  Assimilator  
  77  5:47  Shield Battery  
  77  5:48  Shield Battery  
  77  5:56  Probe x2  
  79  5:57  Immortal (Chrono Boost)  
  79  5:58  Protoss Ground Weapons Level 1 (Chrono Boost)  
  79  5:59  Zealot  
  79  6:00  Zealot  
  79  6:02  Zealot  
  89  6:10  Probe  
  90  6:11  Probe  
  90  6:12  Probe  
  92  6:24  Gateway  
  92  6:27  Gateway  
  92  6:28  Protoss Ground Armor Level 1 (Chrono Boost)  
  92  6:30  Gateway  
  92  6:32  Gateway  
  92  6:33  Observer (Chrono Boost)  
  92  6:35  Gateway  
  93  6:41  Pylon  
  93  6:45  Pylon  
  93  6:57  Pylon  
  93  6:59  Probe x3, Pylon  
  96  7:02  Templar Archives  
  96  7:03  Pylon x2  
  96  7:05  Zealot x3  
  102  7:14  Probe x3  
  105  7:21  Immortal  
  109  7:26  Probe  
  108  7:33  Zealot x6  
  120  7:39  Assimilator  
  120  7:40  Pylon  
  120  7:43  Protoss Ground Weapons Level 2 (Chrono Boost)  
  120  7:45  High Templar x2  
  124  7:54  Archon  
  124  7:55  Probe x2  
  124  7:56  Assimilator  
  124  8:04  Probe  
  123  8:07  Probe, Stalker x3  
  123  8:09  Protoss Ground Armor Level 2 (Chrono Boost)  
  134  8:14  Warp Prism  
  134  8:17  High Templar  
  134  8:18  High Templar  
  134  8:19  Zealot x3  
  140  8:22  Archon  
  140  8:26  Probe x2  
  142  8:30  Pylon  
  142  8:34  Gateway  
  142  8:35  Gateway  
  142  8:36  Gateway  
  142  8:37  Gateway  
  142  8:41  High Templar x2  
  146  8:45  Zealot, Archon  
  148  8:49  Pylon  
  148  8:50  Pylon  
  148  8:51  Zealot  
  148  8:52  Pylon  
  148  8:53  Pylon  
  134  9:05  Zealot x5  
  134  9:13  Zealot x3  
  112  9:33  Stalker x5  
  122  9:40  Zealot x7  
  134  9:53  Photon Cannon  
  134  10:03  High Templar x2  
  134  10:04  High Templar x3  
  134  10:05  High Templar, Zealot x4  
  154  10:08  Archon x2  
  154  10:12  Archon  
  154  10:13  Nexus  
  154  10:27  Sentry x2, Zealot x2  
  162  10:31  Zealot x2  
  162  10:34  Pylon  
  164  10:52  Zealot x3  
  164  10:53  Zealot x3  
  164  10:56  Zealot x3  
  152  11:09  High Templar  
  152  11:10  High Templar x2  
  158  11:16  High Templar, Zealot  
  158  11:17  Zealot x3, Archon  
  156  11:22  Archon  
Tags
 
Add a new tag
Caveats
  • Supply blocks, unpowered buildings, or Contaminate may cause inaccurate times.
  • Supply counts are checked every 10 seconds.